Map: [ESL] NeoHumanity

Players

Clem

  • Race: Terran Terran

Dark - Winner!

  • Race: Zerg Zerg

Event: IEM Katowice 2023

VOD

Have the link to the VOD?

Description

Time

  • Played on: Feb. 10, 2023, 10:44 a.m.
  • Length: 19:27

All games in this series

Show
View Real Time Build Order
Export as new Build Order

Clem Terran 

Build Orders: Reaper Expand 

Get SALT Encoding   

  12  0:00  SCV  
  13  0:12  SCV  
  14  0:17  Supply Depot  
  14  0:24  SCV  
  15  0:38  SCV  
  15  0:40  Barracks  
  16  0:43  Refinery  
  16  0:50  SCV  
  17  1:02  SCV  
  18  1:14  SCV  
  19  1:26  Reaper  
  19  1:27  Orbital Command  
  20  1:39  Command Center  
  20  1:46  Supply Depot  
  20  1:52  SCV  
  21  1:58  Marine  
  22  2:04  SCV  
  23  2:10  Factory  
  23  2:16  SCV  
  23  2:20  Barracks Reactor  
  24  2:28  SCV  
  25  2:39  Command Center  
  25  2:41  SCV  
  26  2:50  Orbital Command  
  26  2:53  SCV  
  27  3:00  Starport  
  27  3:03  Refinery  
  27  3:06  SCV  
  27  3:11  Hellion  
  30  3:14  Hellion  
  30  3:17  SCV  
  30  3:18  SCV  
  34  3:20  Barracks Tech Lab  
  34  3:29  SCV  
  34  3:30  SCV  
  34  3:33  Hellion  
  38  3:35  Hellion  
  38  3:40  Viking  
  42  3:41  SCV  
  42  3:43  SCV  
  44  3:51  Stimpack  
  44  3:52  Orbital Command  
  44  3:54  SCV  
  46  3:55  SCV  
  46  4:06  Barracks, SCV  
  46  4:07  SCV  
  46  4:09  Barracks  
  48  4:11  Starport Reactor  
  48  4:12  Factory Tech Lab  
  48  4:13  Marine  
  49  4:18  SCV  
  49  4:19  Orbital Command  
  49  4:21  SCV  
  51  4:25  Engineering Bay x2  
  51  4:30  SCV  
  52  4:32  Marine  
  52  4:33  SCV  
  52  4:34  Refinery  
  54  4:39  Supply Depot  
  54  4:42  SCV  
  54  4:45  SCV x2  
  57  4:46  Refinery  
  57  4:52  Barracks  
  57  4:53  Terran Infantry Weapons Level 1  
  57  4:54  Barracks  
  57  4:55  Terran Infantry Armor Level 1  
  57  4:57  SCV  
  57  4:58  Marine, Starport Reactor  
  57  4:59  Marine  
  60  5:01  SCV  
  60  5:02  SCV  
  60  5:03  Marine  
  60  5:04  Marine  
  64  5:09  SCV  
  64  5:11  Supply Depot  
  64  5:13  SCV, Supply Depot  
  66  5:15  Marine  
  66  5:16  Marine, SCV  
  69  5:30  Combat Shield  
  69  5:32  Marine x3  
  69  5:33  Siege Tank, SCV x2  
  69  5:35  SCV  
  78  5:36  Supply Depot  
  78  5:37  Marine  
  78  5:38  Supply Depot  
  78  5:40  Barracks Reactor  
  78  5:41  Barracks Reactor  
  78  5:42  Marine  
  80  5:45  SCV  
  80  5:47  SCV x2  
  80  5:49  Medivac  
  85  5:55  Supply Depot  
  85  5:58  Marine x2, Medivac  
  85  5:59  Marine  
  85  6:00  SCV x2, Supply Depot  
  85  6:01  SCV  
  85  6:02  Marine x2  
  95  6:07  Refinery  
  95  6:11  Siege Tank  
  98  6:12  SCV x2  
  98  6:13  SCV  
  98  6:17  Marine x2  
  98  6:18  Marine x3  
  105  6:19  Marine, Supply Depot  
  105  6:20  Marine  
  105  6:22  Marine  
  105  6:23  Marine  
  105  6:24  SCV  
  105  6:25  SCV  
  103  6:33  Factory  
  103  6:35  Marine x2  
  103  6:36  Marine x2  
  103  6:37  SCV  
  103  6:38  SCV, Armory  
  109  6:40  Marine x2  
  109  6:41  Marine  
  109  6:46  Supply Depot  
  112  6:48  Siege Tank  
  112  6:49  Marine, Supply Depot  
  112  6:50  Marine  
  117  6:54  Medivac  
  117  6:57  Marine, Medivac  
  117  6:58  Marine x2  
  117  6:59  Marine  
  125  7:02  Supply Depot  
  125  7:07  Marine x4  
  129  7:09  Marine  
  129  7:13  Command Center  
  130  7:15  Marine  
  130  7:16  Supply Depot  
  130  7:18  Factory Tech Lab  
  130  7:20  Marine  
  130  7:21  Marine x2, Refinery  
  134  7:24  Siege Tank  
  134  7:25  Marine  
  134  7:27  Terran Infantry Weapons Level 2  
  134  7:29  Marine x4  
  140  7:33  Marine  
  140  7:34  Terran Infantry Armor Level 2  
  143  7:39  Marine x3  
  143  7:41  Supply Depot  
  143  7:43  Marine  
  143  7:44  Siege Tank  
  150  7:47  Marine, SCV  
  150  7:48  Supply Depot  
  150  7:49  SCV x2  
  154  7:56  Marine x4  
  157  8:02  Siege Tank, SCV  
  161  8:07  Bunker  
  161  8:09  Medivac x2  
  161  8:10  Supply Depot  
  161  8:11  Marine x2, Bunker  
  161  8:12  Marine, Bunker  
  168  8:15  Marine  
  169  8:20  Siege Tank  
  169  8:21  Marine, Supply Depot  
  169  8:25  Marine x3  
  176  8:29  Marine x2  
  178  8:34  Barracks  
  178  8:35  Barracks x2  
  178  8:37  Siege Tank  
  178  8:40  Marine  
  181  8:45  Sensor Tower, SCV x2  
  181  8:46  SCV  
  184  8:54  Siege Tank  
  187  8:57  Planetary Fortress, SCV  
  187  8:58  SCV  
  187  9:00  SCV  
  187  9:01  Unknown, Sensor Tower  
  190  9:03  Marine  
  190  9:07  Marine  
  190  9:09  Siege Tank  
  195  9:15  Liberator  
  198  9:18  Terran Vehicle Weapons Level 1  
  198  9:23  Command Center  
  198  9:28  Barracks Tech Lab x3  
  198  9:45  Siege Tank  
  193  10:00  Marauder  
  193  10:01  Command Center, Marauder, Terran Infantry Weapons Level 3, Terran Infantry Armor Level 3  
  193  10:02  Marauder  
  193  10:06  Ghost Academy  
  194  10:07  Marine x2  
  194  10:08  Siege Tank  
  194  10:12  Marine x3  
  194  10:13  Marauder  
  176  10:16  Marine x3  
  176  10:17  Siege Tank  
  153  10:22  Marauder x2  
  153  10:23  Marine, Medivac  
  153  10:25  Marine x2  
  142  10:30  Marine x3  
  142  10:34  Marine x2, Marauder  
  149  10:39  Liberator  
  149  10:40  Siege Tank  
  149  10:42  Marine, Marauder  
  157  10:47  Marine x2, Marauder x2  
  157  10:48  Marine  
  157  10:49  Siege Tank  
  167  10:52  Marine  
  167  10:53  Marine x2  
  167  10:55  Marine, Marauder  
  173  10:58  Liberator  
  173  11:00  Marine  
  173  11:03  Marauder, SCV x2  
  181  11:05  Marine  
  181  11:06  SCV  
  181  11:07  SCV  
  181  11:09  Marauder x2  
  188  11:11  Command Center  
  188  11:15  SCV  
  188  11:16  Orbital Command, Planetary Fortress  
  189  11:20  Siege Tank  
  191  11:26  Siege Tank  
  191  11:28  Ghost  
  196  11:32  Ghost  
  196  11:33  Ghost  
  196  11:35  Terran Vehicle Weapons Level 2  
  191  11:47  Liberator  
  191  11:50  Ghost  
  191  11:52  Siege Tank  
  173  11:56  Medivac  
  173  11:59  Marauder  
  156  12:02  Marine, Marauder  
  151  12:08  Marine  
  151  12:09  Marine, SCV  
  151  12:13  Orbital Command  
  147  12:18  Ghost  
  147  12:20  SCV  
  147  12:21  Ghost  
  147  12:22  Marine x2  
  148  12:24  Siege Tank  
  148  12:25  SCV x2  
  148  12:26  SCV, Liberator  
  148  12:27  Refinery x2  
  148  12:29  Marine x6, Marauder x2  
  165  12:31  Siege Tank  
  165  12:33  Orbital Command  
  168  12:37  Sensor Tower  
  168  12:39  Missile Turret  
  168  12:40  Marine, Command Center  
  168  12:43  Liberator  
  172  12:47  Marauder  
  172  12:48  Marine  
  172  12:50  Marauder  
  172  12:51  Marauder  
  179  12:54  Marine, Ghost  
  179  12:55  Marine x2  
  179  12:56  Marine x2  
  186  12:59  Marine  
  180  13:09  Ghost  
  180  13:10  Marine x2  
  180  13:11  Marine  
  180  13:12  Marine x3, Siege Tank  
  148  13:13  Marine, Orbital Command  
  150  13:21  Marine  
  150  13:22  Marine  
  150  13:23  Marauder  
  150  13:25  Medivac  
  150  13:26  Siege Tank, Medivac  
  161  13:27  Marine  
  161  13:28  Marine x2  
  161  13:29  Marauder  
  161  13:30  Marauder  
  161  13:32  Marine  
  161  13:34  Marine  
  169  13:38  Marauder  
  161  13:42  Orbital Command  
  161  13:44  Marauder  
  161  13:46  Orbital Command  
  149  13:49  Marine x2  
  149  13:51  Marauder x2  
  149  13:54  Marine x2  
  139  13:55  Medivac  
  139  13:56  Liberator  
  139  13:57  Orbital Command  
  139  13:59  Ghost  
  129  14:04  Orbital Command  
  129  14:05  Ghost  
  129  14:06  Siege Tank  
  128  14:10  SCV  
  128  14:11  Ghost, SCV  
  128  14:13  Marauder  
  128  14:14  Siege Tank  
  128  14:15  SCV  
  135  14:21  Marine  
  135  14:23  SCV x3  
  139  14:25  SCV  
  139  14:28  Marauder  
  139  14:30  SCV  
  144  14:31  SCV  
  144  14:32  SCV  
  144  14:33  Ghost  
  144  14:35  Medivac  
  149  14:42  Siege Tank, Medivac, SCV  
  149  14:44  Ghost  
  157  14:46  SCV  
  157  14:47  Unknown, SCV x3  
  157  14:48  Marauder  
  157  14:51  SCV  
  157  14:52  Siege Tank  
  167  14:53  SCV  
  167  14:55  SCV  
  167  14:59  Ghost  
  171  15:01  Marine  
  171  15:02  Marine x5  
  171  15:07  Marine  
  177  15:10  Terran Vehicle Weapons Level 3  
  177  15:11  Orbital Command  
  170  15:24  Siege Tank  
  144  15:28  Marine x3  
  144  15:29  Marauder  
  144  15:31  Marine  
  144  15:32  Marauder x2  
  144  15:33  Marine x2  
  141  15:37  Siege Tank, SCV x3  
  141  15:38  SCV  
  141  15:39  Marauder  
  141  15:40  Marine, Unknown  
  141  15:41  Marine  
  141  15:42  SCV  
  153  15:50  Marauder  
  153  15:52  Sensor Tower  
  153  15:54  Liberator x2  
  153  15:56  Marine x2, Marauder x2  
  167  15:57  SCV  
  167  16:02  Personal Cloaking  
  164  16:08  SCV x2  
  164  16:09  SCV  
  164  16:10  Marine x2  
  168  16:15  Siege Tank  
  171  16:19  Siege Tank  
  171  16:20  Marine x2  
  176  16:26  Marauder x2  
  176  16:31  Marauder  
  162  16:33  Marine  
  162  16:35  Marine x3  
  162  16:36  Marine  
  167  16:40  Liberator  
  167  16:43  Ghost  
  167  16:46  Liberator  
  175  16:47  Siege Tank  
  175  16:48  Ghost  
  175  16:53  Siege Tank  
  183  16:56  Ghost  
  187  17:01  Marauder  
  159  17:11  Marine  
  159  17:12  Marine x2  
  144  17:18  SCV  
  144  17:19  Siege Tank  
  144  17:20  Marine x2  
  131  17:25  Siege Tank  
  131  17:26  Marine x2, SCV  
  131  17:27  Marine x2  
  134  17:36  Liberator  
  135  17:40  Ghost  
  135  17:42  Orbital Command  
  126  17:45  Marine, Marauder  
  129  17:52  Marauder  
  129  17:55  Marine x3  
  129  17:56  Marine  
  129  17:57  Marine  
  136  18:03  Marine x2  
  136  18:04  Marine x2  
  140  18:09  Siege Tank  
  141  18:13  Marauder  
  141  18:17  Marauder  
  141  18:18  Marine  
  141  18:19  Marauder  
  138  18:31  Marine  
  138  18:32  Marine  
  133  18:34  Marine x3  
  133  18:35  Marauder  
  133  18:38  Marauder  
  133  18:41  Marine, Liberator  
  140  18:45  Orbital Command  
  140  18:47  SCV  
  138  18:49  Marine x2  
  138  18:52  Marine  
  138  18:53  Marine x3  
  130  18:56  Marine  
  130  18:59  Marine  
  130  19:01  Marine  
  131  19:06  Marine  
Show
View Real Time Build Order
Export as new Build Order

Dark Zerg - Winner!

Build Orders: Hatch First, Ultralisks 

Get SALT Encoding   

  12  0:00  Drone  
  13  0:12  Overlord  
  13  0:16  Drone  
  14  0:30  Drone x2  
  16  0:47  Hatchery  
  15  0:51  Drone  
  15  0:55  Drone  
  17  0:57  Drone  
  18  1:09  Extractor  
  17  1:13  Spawning Pool  
  17  1:15  Drone  
  17  1:18  Drone  
  18  1:28  Drone  
  19  1:38  Drone  
  20  1:48  Drone  
  21  1:59  Queen x2  
  21  2:00  Zergling x4  
  27  2:10  Zergling x2  
  27  2:14  Hatchery  
  27  2:18  Overlord  
  27  2:23  Drone  
  28  2:36  Queen  
  29  2:44  Overlord  
  29  2:45  Drone x4  
  33  2:52  Queen  
  35  3:02  Metabolic Boost  
  35  3:03  Drone x2  
  37  3:05  Drone  
  37  3:09  Overlord  
  37  3:12  Drone  
  39  3:16  Drone x2  
  39  3:19  Drone  
  42  3:26  Queen  
  44  3:29  Queen  
  44  3:32  Drone  
  47  3:36  Queen  
  47  3:39  Drone  
  50  3:43  Drone x3  
  53  3:54  Overlord, Drone  
  53  3:55  Drone x2  
  56  3:59  Drone  
  56  4:00  Overlord  
  56  4:02  Overlord  
  57  4:07  Overlord  
  57  4:12  Drone x2  
  57  4:13  Drone x3  
  57  4:14  Drone x2  
  64  4:19  Overlord  
  64  4:28  Hatchery  
  64  4:29  Drone x2  
  65  4:31  Drone x2  
  67  4:40  Roach Warren  
  67  4:41  Drone x2  
  67  4:42  Drone x2  
  70  4:46  Drone x3  
  70  4:47  Spore Crawler  
  70  4:50  Spore Crawler  
  70  4:51  Spore Crawler  
  70  4:52  Drone  
  71  4:53  Drone  
  71  4:56  Drone x2  
  71  4:58  Extractor  
  71  4:59  Extractor  
  72  5:03  Lair  
  72  5:04  Drone x3  
  75  5:07  Drone x3  
  78  5:14  Drone  
  78  5:15  Drone  
  78  5:17  Evolution Chamber x2  
  78  5:20  Drone  
  78  5:21  Drone x2  
  81  5:22  Drone x2  
  81  5:27  Extractor, Drone  
  82  5:31  Drone x2  
  85  5:35  Drone  
  85  5:38  Extractor, Drone  
  85  5:39  Extractor, Overlord  
  85  5:41  Drone x2  
  85  5:42  Drone x3  
  89  5:45  Zerg Missile Weapons Level 1, Zerg Ground Armor Level 1  
  89  5:46  Overlord  
  89  5:49  Roach  
  91  5:51  Overlord  
  91  5:53  Roach  
  91  5:54  Roach  
  95  6:01  Extractor x2, Roach x3  
  98  6:04  Roach  
  98  6:07  Roach x2  
  98  6:10  Drone x2  
  106  6:13  Glial Reconstitution, Zergling x10  
  106  6:15  Roach  
  113  6:18  Zergling x2  
  113  6:19  Zergling x8  
  115  6:29  Drone x5  
  117  6:34  Drone  
  117  6:35  Overlord, Drone  
  117  6:36  Overlord  
  117  6:38  Overlord  
  119  6:44  Infestation Pit  
  119  6:46  Overlord  
  118  6:50  Overlord x2  
  118  6:53  Drone x2  
  118  6:54  Drone x4  
  121  6:55  Drone, Ravager x2  
  121  6:56  Ravager x2  
  121  6:57  Drone  
  121  6:58  Drone  
  121  6:59  Drone  
  121  7:00  Drone  
  133  7:02  Baneling Nest  
  133  7:07  Roach x4  
  133  7:08  Roach x2  
  144  7:15  Hatchery  
  143  7:17  Overseer x2  
  143  7:20  Ravager x2  
  143  7:22  Zergling x14  
  152  7:26  Hive  
  152  7:30  Overlord  
  152  7:31  Ravager  
  152  7:32  Ravager  
  152  7:34  Zergling x14  
  161  7:43  Hatchery  
  161  7:44  Overlord  
  160  7:48  Zergling x16  
  160  7:51  Roach x2  
  171  7:56  Centrifugal Hooks  
  171  8:04  Zergling x14  
  171  8:05  Zergling x6  
  181  8:11  Zerg Ground Armor Level 2  
  181  8:12  Zerg Melee Weapons Level 1  
  181  8:13  Zergling x2  
  181  8:14  Zergling x2  
  181  8:15  Overlord  
  181  8:18  Overlord  
  183  8:24  Overlord x5  
  183  8:25  Baneling x10  
  183  8:38  Viper x2  
  188  8:41  Zergling x2  
  188  8:42  Zergling x20  
  199  8:52  Adrenal Glands  
  199  9:10  Ultralisk Cavern  
  199  9:17  Zergling x8  
  197  9:19  Baneling x9  
  198  9:36  Drone  
  198  9:40  Drone x2  
  199  9:52  Zergling x2  
  199  9:58  Zergling x12  
  200  10:01  Baneling x11  
  200  10:02  Baneling  
  197  10:07  Zergling x4  
  143  10:28  Chitinous Plating  
  143  10:29  Ultralisk  
  143  10:30  Ultralisk x3, Zergling x56  
  143  10:34  Zergling x12  
  200  10:38  Zerg Melee Weapons Level 2  
  200  10:47  Hatchery  
  199  10:52  Zerg Ground Armor Level 3  
  199  10:54  Baneling x3  
  199  10:59  Baneling  
  199  11:00  Baneling x4  
  199  11:09  Baneling x3  
  199  11:10  Drone  
  200  11:18  Burrow  
  200  11:24  Baneling x5  
  193  11:26  Zergling x12  
  199  11:33  Hatchery  
  199  11:37  Zergling x8  
  183  11:47  Anabolic Synthesis  
  162  11:55  Ultralisk x3, Zergling x40  
  188  12:06  Ultralisk x2  
  188  12:07  Zergling x6  
  172  12:19  Ultralisk, Zergling x58  
  194  12:24  Drone x2  
  194  12:25  Baneling x9  
  194  12:26  Zergling x14  
  194  12:27  Drone  
  200  12:33  Baneling x3  
  200  12:36  Overseer x2  
  200  12:39  Pneumatized Carapace  
  200  12:41  Hatchery  
  199  12:45  Baneling x3  
  199  12:47  Baneling x2  
  199  12:48  Zergling x2  
  200  12:54  Baneling x8  
  176  13:11  Ultralisk  
  176  13:12  Zergling x68  
  174  13:13  Zergling x10  
  174  13:18  Zergling x2  
  174  13:19  Zergling x4  
  181  13:23  Drone  
  181  13:24  Drone x3  
  181  13:26  Zergling x14  
  192  13:32  Zergling x6  
  181  13:44  Zergling x30  
  177  13:53  Ultralisk x2, Zergling x6  
  161  14:03  Roach x4  
  161  14:05  Zergling x16  
  161  14:08  Zergling x6  
  161  14:09  Zergling x4  
  167  14:10  Zergling x2  
  167  14:14  Zerg Melee Weapons Level 3  
  168  14:19  Baneling x2  
  168  14:20  Baneling x2  
  168  14:24  Drone x3  
  168  14:26  Baneling x3  
  168  14:28  Ravager x4  
  168  14:30  Zergling x2  
  168  14:31  Zergling x22  
  186  14:33  Baneling  
  186  14:34  Baneling x6  
  186  14:35  Baneling  
  186  14:39  Baneling x6  
  186  14:41  Zergling x8  
  190  14:48  Zergling x18  
  190  14:49  Overseer  
  199  14:56  Zergling x2  
  200  15:00  Baneling  
  200  15:01  Baneling x2  
  200  15:07  Pathogen Glands  
  200  15:12  Spore Crawler  
  178  15:27  Ultralisk x3, Zergling x2  
  178  15:28  Zergling x36  
  176  15:33  Zergling x20  
  161  15:39  Zergling x12  
  167  15:43  Baneling x5  
  167  15:44  Zergling x4  
  167  15:45  Zergling x10  
  167  15:46  Baneling x3  
  167  15:47  Baneling  
  174  15:50  Infestor x2  
  174  15:51  Infestor  
  174  15:52  Infestor  
  182  15:58  Infestor x3  
  182  16:00  Overseer  
  187  16:08  Zergling x26  
  200  16:14  Baneling x11  
  200  16:27  Baneling x4  
  200  16:32  Neural Parasite  
  200  16:42  Nydus Network  
  200  16:43  Baneling x4  
  200  16:46  Baneling  
  199  16:54  Zergling x12  
  167  17:10  Infestor x2  
  167  17:11  Zergling x26  
  167  17:12  Zergling x24  
  183  17:16  Zergling x18  
  181  17:25  Zergling x14  
  181  17:29  Baneling x8  
  175  17:33  Zergling x4  
  175  17:34  Zergling x22  
  168  17:46  Ultralisk x2, Zergling x14  
  185  17:53  Ultralisk x2  
  185  17:55  Zergling x8  
  185  17:56  Zergling x2  
  185  17:57  Nydus Canal, Zergling x2  
  185  17:58  Zergling x4  
  198  18:11  Roach x2  
  193  18:14  Nydus Canal  
  193  18:16  Ultralisk  
  191  18:21  Baneling x9  
  191  18:26  Zergling x24  
  200  18:30  Zergling x14  
  186  18:42  Ravager x2  
  186  18:44  Zergling x22  
  186  18:53  Roach x6  
  181  19:03  Zergling x12  
  181  19:08  Drone x19  
  175  19:23  Hatchery  

Tags
 
Add a new tag
Caveats
  • Supply blocks, unpowered buildings, or Contaminate may cause inaccurate times.
  • Supply counts are checked every 10 seconds.